 Dungeon Crawl Stone Soup version 0.22.1-2-g9c5b331 (webtiles) character file.

208 delarado the Firebug (level 5, -1/28 HPs)
             Began as a Deep Elf Fire Elementalist on Dec 10, 2018.
             Slain by an orc
             ... wielding a +0 hand axe
              (4 damage)
             ... on level 4 of the Dungeon.
             The game lasted 00:13:34 (3036 turns).

delarado the Firebug (Deep Elf Fire Elementalist)   Turns: 3036, Time: 00:13:34

Health: -1/28      AC:  2    Str:  5    XL:     5   Next: 55%
Magic:  7/11       EV: 18    Int: 21    God:
Gold:   153        SH:  0    Dex: 20    Spells: 6/10 levels left

rFire    . . .     SeeInvis .   p - +1 hand axe (chop)
rCold    . . .     Gourm    .   (no shield)
rNeg     . . .     Faith    .   a - +0 robe
rPois    .         Spirit   .   (no helmet)
rElec    .         Reflect  .   (no cloak)
rCorr    .         Harm     .   (no gloves)
MR       .....                  (no boots)
Stlth    +++.......             (no amulet)
HPRegen  0.09/turn              (no ring)
MPRegen  0.12/turn              (no ring)

@: agile, slowed, very slow
A: no striking features
a: no special abilities


You were on level 4 of the Dungeon.
You were not hungry.

You visited 1 branch of the dungeon, and saw 4 of its levels.

You collected 153 gold pieces.

Inventory:

Hand Weapons
 b - a +0 mace
 p - a +1 hand axe of chopping (weapon)
Missiles
 j - 68 stones
 t - a javelin (quivered)
Armour
 a - a +0 robe (worn)
Scrolls
 g - a scroll of remove curse
 k - a scroll of immolation {unknown}
 l - 6 scrolls of identify {unknown}
 m - 2 scrolls of amnesia {unknown}
 q - a scroll of enchant armour {unknown}
 r - a scroll of teleportation {unknown}
Potions
 d - a potion of might {unknown}
 e - a potion of ambrosia {unknown}
 f - a potion of curing {unknown}
 h - a potion of degeneration {unknown}
 n - a potion of invisibility {unknown}
Comestibles
 c - 4 rations


   Skills:
 - Level 2.4 Dodging
 - Level 2.4 Stealth
 - Level 3.0 Spellcasting
 + Level 4.3 Conjurations
 + Level 5.4 Fire Magic


You had 6 spell levels left.
You knew the following spells:

 Your Spells              Type           Power        Failure   Level  Hunger
a - Flame Tongue          Conj/Fire      ###..        1%          1    None
b - Conjure Flame         Conj/Fire      ###.....     5%          3    ###....

Your spell library contained the following spells:

 Spells                   Type           Power        Failure   Level  Hunger
 Throw Flame              Conj/Fire      ###...       2%          2    ##.....
 Inner Flame              Hex/Fire       ##......     13%         3    ###....
 Sticky Flame             Conj/Fire      ###.....     19%         4    ####...
 Fireball                 Conj/Fire      ###.......   45%         5    ######.


Dungeon Overview and Level Annotations

Branches:
Dungeon (4/15)
 Temple: D:4-7

Altars:


Message History

The orc misses you.
An iguana comes into view.
The orc completely misses you.
Items here: % ) [ † a dagger; a robe; a ration; an orc corpse The orc misses you.
The orc barely misses you.
Found 15 stones.
The orc barely misses you. The orc closely misses you.
Found a stone staircase leading up.
Found 3 scrolls labeled XOL EMOOWIUD.
The orc hits you with a hand axe!
* * * LOW HITPOINT WARNING * * *
There is a stone staircase leading up here.
It was a potion of agility.
You feel agile all of a sudden. The orc misses you.
The orc hits you with a hand axe.
You die...

**,******,**,** #.# #.#,#
,,,* *,*,(.#####.###o#,*
,*,******,*,.....l.....o#,*
,,<,,,,**,*,,.#.###o#####,*
>*,***,**,***,#.* #o# *,*
,,,* *,**,* *,#.* #o# *,*
,*,* *,**,* *,#.* #.# *,*
,*,***,**.###.#.###o# *,*
,*,,,,,,,.......@ooo# *,*
,,,,**,**#.##.#.#####****,*
**,,**,,,,>,,...,,,,,,,,,,*
*,,,,,,,,,..?..***********
**,*******######* ,,,* ****


You could see 4 orcs.

Vanquished Creatures
  An orc priest (D:3)
  2 orc wizards (D:4)
  2 adders (D:2)
  2 oozes
  A worm (D:2)
  2 dart slugs (D:3)
  3 leopard geckos
  5 orcs (D:3)
  14 giant cockroaches
  11 goblins
  8 hobgoblins
  8 kobolds
  A quokka (D:2)
  7 bats
  3 frilled lizards
  A leopard gecko zombie (D:3)
  6 rats
77 creatures vanquished.

Notes
Turn   | Place    | Note
-------+----------+-------------------------------------------
     0 | D:1      | delarado the Deep Elf Fire Elementalist began the quest for
                  | the Orb.
     0 | D:1      | Reached XP level 1. HP: 10/10 MP: 6/6
   128 | D:1      | Reached XP level 2. HP: 15/15 MP: 4/8
   640 | D:1      | Reached skill level 4 in Fire Magic
   761 | D:2      | Reached XP level 3. HP: 19/19 MP: 7/9
  1517 | D:2      | Reached XP level 4. HP: 24/24 MP: 6/10
  1628 | D:2      | Learned a level 3 spell: Conjure Flame
  2287 | D:3      | Reached skill level 5 in Fire Magic
  2300 | D:3      | Reached XP level 5. HP: 17/28 MP: 1/11
  2994 | D:3      | You fall through a shaft!
  3036 | D:4      | Slain by an orc

Skill      XL: |  1  2  3  4  5 |
---------------+----------------+-----
Conjurations   | 2 3 4 |  4.3
Fire Magic     | 4 5 |  5.4
Dodging        | |  2.4
Stealth        | |  2.4
Spellcasting   | |  3.0

Action                   |  1- 3 |  4- 6 || total
-------------------------+-------+-------++-------
Melee: Mace              |     1 |       ||     1
Throw: Javelin           |    15 |     8 ||    23
       Stone             |    16 |    16 ||    32
 Cast: Flame Tongue      |    59 |    67 ||   126
       Conjure Flame     |       |     1 ||     1
  Use: Scroll            |       |     2 ||     2
       Potion            |       |     1 ||     1
  Eat: Chunk             |     2 |     4 ||     6
Armor: Robe              |     8 |     5 ||    13
Dodge: Dodged            |    16 |    16 ||    32
